 Dungeon Crawl Stone Soup version 0.29.0-4-gdea44cf6ec (webtiles) character file.

Game seed: 7193063626112522829

25 qw the Chopper (level 3, -1/21 HPs)
             Began as a Tengu Warper on Aug 28, 2022.
             Slain by a goblin
             ... wielding a +0 dagger
             ... led by Robin
              (4 damage)
             ... on level 2 of the Dungeon.
             The game lasted 00:00:05 (1090 turns).

qw the Chopper (Tengu Warper)                       Turns: 1090, Time: 00:00:05

Health: -1/21      AC:  3    Str: 13    XL:     3   Next: 6%
Magic:  7/7        EV: 12    Int: 13    God:
Gold:   95         SH:  0    Dex: 13    Spells: 6/6 levels left

rFire   . . .      SeeInvis .   Y - +0 hand axe
rCold   . . .      Faith    .   (no shield)
rNeg    . . .      Spirit   .   b - +0 leather armour
rPois   .          Reflect  .   (helmet restricted)
rElec   .          Harm     .   (no cloak)
rCorr   .          Rampage  .   (no gloves)
Will    .....                   (boots unavailable)
Stlth   +.........              (no amulet)
HPRegen 0.07/turn               (no ring)
MPRegen 0.10/turn               (no ring)

@: no status effects
A: beak, talons 3
a: no special abilities


You were on level 2 of the Dungeon.
You visited 1 branch of the dungeon, and saw 2 of its levels.

You collected 95 gold pieces.


Innate Abilities, Weirdness & Mutations

You have a beak for a mouth.
You have claws for feet.


   Skills:
 - Level 2.0 Fighting
 + Level 3.8 Axes
 - Level 1.0 Throwing
 - Level 1.1 Armour
 - Level 2.1 Dodging
 - Level 2.0 Spellcasting
 - Level 2.4 Translocations


You had 6 spell levels left.
You didn't know any spells.
Your spell library contained the following spells:

 Spells                   Type           Power      Damage    Failure   Level
 Blink                    Tloc           14%        N/A       19%         2
 Gell's Gravitas          Tloc           7%         N/A       36%         3
 Lesser Beckoning         Tloc           7%         N/A       36%         3
 Teleport Other           Tloc           7%         N/A       36%         3
 Manifold Assault         Tloc           7%         N/A       98%         5

Inventory:

Hand Weapons
 Y - a +0 hand axe (weapon)
Missiles
 g - 2 boomerangs (quivered)
Armour
 b - a +0 leather armour (worn)
Scrolls
 a - a scroll of identify
Potions
 c - a potion of invisibility {unknown}
 h - a potion of curing
 j - a potion of haste

Dungeon Overview and Level Annotations

Branches:
Dungeon (2/15)

Altars:

Annotations:
D:2 Robin


Message History

The goblin shoots a sling bullet.
The sling bullet hits you.
You hear a shout!
You see here a +0 rapier.
1084 ||| FLEEEEING.
The goblin shouts!
A goblin comes into view. It is wielding a +0 dagger.
You see here a scroll of blinking.
A goblin comes into view. It is wielding a +0 dagger.
The hobgoblin completely misses you. Robin throws the goblin at you!
You see here a +0 rapier.
You closely miss the hobgoblin. Your peck misses the hobgoblin.
You barely miss the goblin. The goblin hits you but does no damage.
The hobgoblin hits you.
Robin roars a battlecry!
The goblins go into a battle-frenzy!
You hit the hobgoblin. You peck the hobgoblin.
You kill the hobgoblin!
You hit the goblin but do no damage. You closely miss the hobgoblin.
The goblin hits you with a +0 dagger. The hobgoblin closely misses you.
You have reached level 3!
Your experience leads to an increase in your attributes!
Increase (S)trength, (I)ntelligence, or (D)exterity?
You feel stronger. x2
You barely miss the hobgoblin. Your peck misses the hobgoblin.
You hit the goblin but do no damage. You hit the hobgoblin.
The goblin hits you with a +0 dagger. The hobgoblin hits you.
The hobgoblin misses you.
You closely miss the hobgoblin. You claw the hobgoblin.
You kill the hobgoblin!
You miss the goblin. You hit the goblin.
You hit the hobgoblin but do no damage. The goblin misses you.
The hobgoblin closely misses you.
You barely miss the goblin.
The goblin is severely wounded.
You barely miss the goblin. x2; You hit the hobgoblin.
The goblin hits you but does no damage. The goblin hits you with a +0 dagger.
The goblin closely misses you. Robin throws the goblin at you!
The hobgoblin hits you but does no damage.
The goblin barely misses you. The hobgoblin closely misses you.
The goblin hits you with a +0 dagger.
You die...

. .. ...## ....##
$!%gg## ...#.#gg#
..<.ggg@##
...####gg#### ####
##....#####...#
####.........#
#####........#
#...........##
#......######
##......##
.............#####


You could see Robin, 2 hobgoblins and 6 goblins.

Vanquished Creatures
  A dart slug (D:1)
  2 endoplasms (D:1)
  4 hobgoblins
  3 jackals (D:1)
  A quokka (D:1)
  A ball python (D:1)
  3 bats (D:1)
  2 frilled lizards (D:1)
  4 kobolds
  A rat (D:1)
22 creatures vanquished.

Notes
Turn   | Place    | Note
-------+----------+-------------------------------------------
     0 | D:1      | qw the Tengu Warper began the quest for the Orb.
     0 | D:1      | Reached XP level 1. HP: 12/12 MP: 4/4
     0 | D:1      | 0 ||| qw: Version: 0.1-a-89-g26bdef1
     0 | D:1      | 0 ||| qw: Game counter: 2133
     0 | D:1      | 0 ||| qw: Always use a shield: true
     0 | D:1      | 0 ||| qw: God list: Okawaru
     0 | D:1      | 0 ||| qw: Allow faded altars: false
     0 | D:1      | 0 ||| qw: Do Orc after D:15 true
     0 | D:1      | 0 ||| qw: Do second Lair branch before Depths: true
     0 | D:1      | 0 ||| qw: Lair rune preference: random
     0 | D:1      | 0 ||| qw: Plans: Normal
     0 | D:1      | 0 ||| PLANNING D:1-11
   186 | D:1      | Reached XP level 2. HP: 17/17 MP: 6/6
   195 | D:1      | 195 ||| Stepping ~*~*~tactically~*~*~ (stealth).
   199 | D:1      | Reached skill level 3 in Axes
   443 | D:1      | 443 ||| Stepping ~*~*~tactically~*~*~ (hiding).
   900 | D:1      | 900 ||| READING 4 scrolls labelled ICIUJI VASUUSH.
   901 | D:1      | 901 ||| READING scroll labelled DINELO JUGOAGH.
  1025 | D:1      | 1025 ||| READING 2 scrolls labelled DOZIRI NEUP.
  1026 | D:1      | 1026 ||| READING scroll labelled MALUIM NIYWE.
  1030 | D:1      | 1030 ||| READING 3 scrolls of identify.
  1030 | D:1      | 1030 ||| IDENTIFYING red potion
  1031 | D:1      | 1031 ||| READING 2 scrolls of identify.
  1031 | D:1      | 1031 ||| IDENTIFYING emerald potion
  1032 | D:1      | 1032 ||| DROPPING scroll of blinking.
  1033 | D:1      | 1033 ||| DROPPING scroll of immolation.
  1081 | D:2      | Noticed Robin
  1084 | D:2      | 1084 ||| FLEEEEING.
  1088 | D:2      | Reached XP level 3. HP: 15/21 MP: 7/7
  1088 | D:2      | HP: 5/21 [hobgoblin[Robin] (5)]
  1090 | D:2      | Slain by a goblin

Levels and vault maps discovered:
D:1:      amcnicky_arrival_double_pillar, layout_basic, minmay_misc_feat_roman,
          minivault_24
D:2:      layout_basic, hellmonk_ecumenical_altar_inner_sanctum, uniq_sigmund,
          uniq_robin

Skill      XL: |  1  2 |
---------------+-------+-----
Axes           | 3 |  3.8
Fighting       | |  2.0
Throwing       | |  1.0
Armour         | |  1.1
Dodging        | |  2.1
Spellcasting   | |  2.0
Translocations | |  2.4

Action                   || total
-------------------------++-------
Melee: Hand axe          ||    33
       Kick              ||     9
       Peck              ||     4
Throw: Boomerang         ||    18
  Use: Scroll            ||     6
Armor: Leather armour    ||    15
Dodge: Dodged            ||    30

Table legend:
 A = Non-vault XP
 B = Vault XP
 C = Vault XP percentage of total XP
 D = Non-vault monster count
 E = Vault monster count
 F = Vault count percentage of total count
                 A         B        C        D         E       F
            +---------+---------+-------+---------+---------+-------
      Total |      31 |       6 |  16.2 |      19 |       3 |  13.6
            +---------+---------+-------+---------+---------+-------
        D:1 |      30 |       0 |   0.0 |      18 |       0 |   0.0
        D:2 |       1 |       6 |  85.7 |       1 |       3 |  75.0
            +---------+---------+-------+---------+---------+-------
